 Dungeon Crawl Stone Soup version 0.31-a0-431-g88bdf31460 (webtiles) character file.

Game seed: 4895434149818463246

1464 Newt the Spear-Bearer (level 8, -16/57 (64) HPs)
             Began as a Merfolk Gladiator on July 31, 2023.
             Demolished by a wight
             ... wielding a +0 great sword
              (20 damage)
             ... on level 6 of the Dungeon.
             The game lasted 00:07:11 (6533 turns).

Newt the Spear-Bearer (Merfolk Gladiator)           Turns: 6533, Time: 00:07:12

HP:   -16/57 (64)   AC:  6    Str: 16    XL:     8   Next: 77%
MP:   8/8           EV: 11    Int:  8    God:
Gold: 233           SH: 13    Dex: 15    Spells: 7/7 levels left

rFire   . . .        a - +1 trident
rCold   . . .        z - +0 tower shield
rNeg    . . .        b - +0 leather armour
rPois   .            c - +0 helmet
rElec   .            (no cloak)
rCorr   .            r - +1 pair of gloves
SInv    .            (no boots)
Will    .....        (no amulet)
Stlth   +            (no ring)
HPRegen 0.29/turn    (no ring)
MPRegen 0.11/turn

%: no passive effects
@: heavily drained
A: (nimble swimmer 2), mertail
a: no special abilities


You were on level 6 of the Dungeon.
You visited 1 branch of the dungeon, and saw 6 of its levels.
You also visited: Sewer.

You collected 233 gold pieces.

Inventory:

Hand Weapons
 a - a +1 trident (weapon)
Missiles
 y - 3 javelins
Armour
 b - a +0 leather armour (worn)
 c - a +0 helmet (worn)
 e - a +0 kite shield
 r - a +1 pair of gloves (worn)
 z - a +0 tower shield (worn)
Jewellery
 f - a ring of ice
 g - a ring of ice
Wands
 w - a wand of quicksilver (6)
Scrolls
 j - 3 scrolls of fear
 k - 3 scrolls of blinking
 m - 2 scrolls of vulnerability
 n - 3 scrolls of teleportation
 t - a scroll of amnesia
 x - 2 scrolls of identify
Potions
 d - 2 potions of mutation {unknown}
 h - 4 potions of enlightenment
 i - a potion of resistance
 l - a potion of heal wounds
 o - 3 potions of brilliance
 p - 2 potions of curing {unknown}
 q - 2 potions of degeneration {unknown}
 s - 2 potions of cancellation {unknown}
 u - 2 potions of ambrosia {unknown}
 A - a potion of haste {unknown}


   Skills:
 - Level 6.0 Fighting
 - Level 10.0 Polearms
 - Level 2.0 Throwing
 - Level 7.0 Dodging
 + Level 4.0 Shields


You had 7 spell levels left.
You didn't know any spells.
Your spell library contained the following spells:

 Spells                   Type           Power      Damage    Failure   Level
 Summon Small Mammal      Summ           0%         N/A       99%         1
 Blink                    Tloc           0%         N/A       100%        2
 Lesser Beckoning         Tloc           0%         N/A       100%        2
 Momentum Strike          Conj/Tloc      0%         3d8       100%        2
 Call Canine Familiar     Summ           0%         N/A       100%        3
 Summon Guardian Golem    Hex/Summ       0%         N/A       100%        3
 Vhi's Electric Charge    Tloc/Air       0%         N/A       100%        3
 Arcjolt                  Conj/Air       0%         1d10      100%        5
 Plasma Beam              Fire/Air       0%         2x1d10    100%        6


Dungeon Overview and Level Annotations

Branches:
Dungeon (6/15)              Sewer (visited)
 Temple: D:4-7

Altars:
Dithmenos
Gozag
Makhleb


Innate Abilities, Weirdness & Mutations

((You are very nimble when in or above water. (Stealth+, EV+, Speed+++)))
Your lower body shifts to a powerful aquatic tail in water.


Message History

The wight hits you with a +0 great sword!
* * * LOW HITPOINT WARNING * * *
You block the wight's attack.
Unknown command.
You block the wight's attack. The wight closely misses you.
Things that are here:
a +4 hand axe of freezing; a +0 robe Unknown command.
You feel much better. You block the wight's attack.
The wight barely misses you.
Unknown command.
You barely miss the wight.
The wight is severely damaged.
The wight closely misses you. You block the wight's attack.
Unknown command.
You closely miss the wight.
The wight is severely damaged.
You block the wight's attack. The wight barely misses you.
Unknown command.
You hit the wight but do no damage.
The wight is severely damaged.
The wight hits you with a +0 mace. The wight misses you.
Throw: throwing net
Press: ? - help, Shift-Dir - straight line, f - wight
Aim: a wight, wielding a +0 great sword and wearing a +0 robe (60% to hit)
You throw a throwing net.
The throwing net closely misses the wight.
You block the wight's attack. The wight misses you.
Unknown command.
Unknown command.
You block the wight's attack. The wight attacks as you move away!
You block the wight's attack.
The wight hits you with a +0 great sword!
* * * LOW HITPOINT WARNING * * *
You feel drained.
* * * LOW HITPOINT WARNING * * *
The wight attacks as you move away! The wight hits you but does no damage.
The wight attacks as you move away!
The wight hits you with a +0 great sword!!
You die...

.# ..... .# #####....#
.##### #####..?.....#
.....# #............#
.....# #............#
.....####(...........#
.............<.......#
.............).z....(#
#####..........z@....#
#..†.............+
#................#
#...................
#................... #
#................... #
#................... #
#................... #


You could see 2 wights.

Vanquished Creatures
  Duvessa (D:4)
  2 black bears
  An ogre (D:5)
  A centaur (D:5)
  A phantom (D:6)
  A bullfrog (D:6)
  A gnoll sergeant (D:5)
  A scorpion (D:5)
  A wight (D:6)
  Dowan (D:4)
  A howler monkey (D:5)
  A hound (D:5)
  An orc priest (D:4)
  3 jellies
  A sleepcap (D:4)
  3 iguanas
  3 orc wizards (D:4)
  A mummy (D:5)
  7 gnolls
  2 river rats (Sewer)
  10 adders
  2 white imps
  2 ufetubi
  2 worms
  3 dart slugs
  7 orcs
  9 ball pythons
  5 bats
  5 endoplasms
  2 giant cockroaches
  4 goblins
  6 hobgoblins
  3 kobolds
  2 quokkas
  10 frilled lizards
  A hobgoblin zombie (D:5)
  A kobold zombie (D:5)
  2 orc zombies (D:5)
  7 rats
117 creatures vanquished.

Notes
Turn   | Place    | Note
-------+----------+-------------------------------------------
     0 | D:1      | Newt the Merfolk Gladiator began the quest for the Orb.
     0 | D:1      | Reached XP level 1. HP: 16/16 MP: 1/1
    42 | D:1      | Found a faded altar of an unknown god.
   176 | D:1      | Reached XP level 2. HP: 20/24 MP: 2/2
   985 | D:2      | Reached XP level 3. HP: 30/30 MP: 3/3
  1372 | D:3      | Reached XP level 4. HP: 4/37 MP: 4/4
  1583 | D:3      | Reached skill level 5 in Polearms
  1698 | D:3      | Found a glowing drain.
  1729 | Sewer    | Entered a sewer
  1882 | Sewer    | Reached skill level 6 in Polearms
  1907 | Sewer    | Reached XP level 5. HP: 35/42 MP: 5/5
  2888 | D:4      | Found a shadowy altar of Dithmenos.
  3202 | D:4      | Reached skill level 7 in Polearms
  3220 | D:4      | Reached XP level 6. HP: 26/48 MP: 6/6
  3431 | D:4      | Reached skill level 5 in Dodging
  3595 | D:4      | Noticed Duvessa
  3595 | D:4      | Noticed Dowan
  3613 | D:4      | Killed Duvessa
  3617 | D:4      | Killed Dowan
  3618 | D:4      | Reached XP level 7. HP: 9/54 MP: 7/7
  4218 | D:4      | Reached skill level 8 in Polearms
  4875 | D:5      | Entered Level 5 of the Dungeon
  4901 | D:5      | Reached skill level 9 in Polearms
  5244 | D:5      | Reached XP level 8. HP: 55/60 MP: 8/8
  5252 | D:5      | Reached skill level 10 in Polearms
  5334 | D:5      | Reached skill level 5 in Fighting
  5817 | D:5      | Found a burning altar of Makhleb.
  5840 | D:5      | Reached skill level 1 in Shields
  6400 | D:6      | Found an opulent altar of Gozag.
  6533 | D:6      | Demolished by a wight

Illustrated notes

Levels and vault maps discovered:
D:1:      lightli_arrival_isolated_outpost, layout_loops_ring,
          shapermc_ecumenical_altar_pompeii
D:2:      layout_basic
D:3:      layout_basic, cheibrodos_sewer_entry_sluice,
          minmay_misc_feat_more_columns
D:4:      layout_basic, nicolae_dithmenos_the_darkroom,
          minmay_increasing_density, uniq_duvessa
D:5:      layout_cave_pools, makhleb_blood_cavern_becter,
          hangedman_decor_diamond_cutter, roderic_serpentine_path,
          minmay_mini_ossuary
D:6:      layout_gridville, mainiacjoe_overflow_alcove_1,
          nicolae_overflow_two_pavilions, kennysheep_generic_room_12

Skill      XL: |  1  2  3  4  5  6  7  8 |
---------------+-------------------------+-----
Fighting       | 3 4 6 |  6.0
Polearms       | 6 7 9 10 | 10.0
Dodging        | 7 |  7.0
Shields        | 4 |  4.0
Throwing       | |  2.0

Action                     |  1- 3 |  4- 6 |  7- 9 || total
---------------------------+-------+-------+-------++-------
  Melee: Trident           |   120 |   178 |   221 ||   519
         Punch             |     1 |     1 |     2 ||     4
  Throw: Throwing net      |     5 |     4 |     2 ||    11
         Javelin           |       |     2 |     3 ||     5
  Evoke: Wand              |       |       |     4 ||     4
    Use: Scroll            |     6 |     4 |     4 ||    14
         Potion            |       |       |     1 ||     1
   Stab: Sleeping          |     2 |     6 |     4 ||    12
         Held in net/web   |       |       |     1 ||     1
 Armour: Leather armour    |    27 |    33 |    44 ||   104
  Dodge: Dodged            |    48 |    80 |   146 ||   274
  Block: Tower shield      |       |       |    37 ||    37
         Kite shield       |       |       |     7 ||     7

Table legend: (Time is in decaauts)
 A = Elapsed time spent in this place.
 B = Non-inter-level travel time spent in this place.
 C = Inter-level travel time spent in this place.
 D = Time resting spent in this place.
 E = Time spent auto-exploring this place.
 F = Levels seen in this place.
 G = Mean time per level.
                   A        B        C        D        E       F      G
               +--------+--------+--------+--------+--------+-----+--------+
         Total |   6455 |   6151 |    304 |   1423 |   3607 |   7 |  922.1 |
       Dungeon |   6120 |   5816 |    304 |   1423 |   3389 |   6 | 1020.0 |
         Sewer |    335 |    335 |      0 |      0 |    218 |   1 |  335.0 |
               +--------+--------+--------+--------+--------+-----+--------+

Top non-repeatable levels by time:
     D:4: 2304 daAuts
     D:5: 1234 daAuts
     D:3: 1100 daAuts
     D:1: 666 daAuts
     D:2: 631 daAuts
   Sewer: 335 daAuts
     D:6: 182 daAuts
